 Dungeon Crawl Stone Soup version 0.29-a0-243-g602b31c20e (webtiles) character file.

Game seed: 15068109378908080041

250 Crownlay the Slasher (level 5, 0/67 HPs)
             Began as a Minotaur Berserker on Mar 4, 2022.
             Was a Believer of Trog.
             Slain by a rat (2 damage)
             ... in a sewer.
             The game lasted 00:04:21 (2842 turns).

Crownlay the Slasher (Minotaur Berserker)           Turns: 2842, Time: 00:04:21

Health: 0/67       AC:  5    Str: 23    XL:     5   Next: 88%
Magic:  4/4        EV: 11    Int:  4    God:    Trog [**....]
Gold:   138        SH:  0    Dex: 10    Spells: 4/4 levels left

rFire   . . .      SeeInvis .   a - +0 falchion
rCold   + . .      Faith    .   (no shield)
rNeg    + . .      Spirit   .   m - +0 ring mail
rPois   .          Reflect  .   (helmet restricted)
rElec   .          Harm     .   (no cloak)
rCorr   .          Rampage  .   (no gloves)
Will    .....                   (no boots)
Stlth   ..........              (no amulet)
HPRegen 0.21/turn               e - ring of positive energy
MPRegen 0.09/turn               t - ring of protection from cold

@: berserking (expiring), very quick
A: horns 2, retaliatory headbutt
a: Renounce Religion, Berserk, Trog's Hand


You were in a sewer.
You worshipped Trog.
Trog was pleased with you.
You visited 1 branch of the dungeon, and saw 3 of its levels.
You also visited: Sewer.

You collected 158 gold pieces.
You spent 20 gold pieces at shops.

Inventory:

Hand Weapons
 a - a +0 falchion (weapon)
 o - a +0 hunting sling
Armour
 m - a +0 ring mail (worn)
 s - a +0 plate armour
Jewellery
 e - a ring of positive energy (left hand)
 k - a ring of ice
 t - a ring of protection from cold (right hand)
Scrolls
 d - a scroll of enchant armour
 f - a scroll of summoning
 h - a scroll of blinking
 l - a scroll of fog
 n - a scroll of brand weapon
 q - a scroll of amnesia
Potions
 b - a potion of berserk rage {unknown}
 c - 2 potions of mutation {unknown}
 g - a potion of lignification
 i - a potion of degeneration {unknown}
 j - a potion of brilliance {unknown}
 p - 3 potions of invisibility {unknown}
 r - 2 potions of haste {unknown}
 u - a potion of cancellation {unknown}
 v - a potion of resistance {unknown}


   Skills:
 - Level 3.6 Fighting
 * Level 7.2 Long Blades
 * Level 4.2 Armour
 - Level 2.1 Dodging


You had 4 spell levels left.
You didn't know any spells.
Your spell library was empty.

Dungeon Overview and Level Annotations

Branches:
Dungeon (3/15)              Sewer (1/1)

Altars:

Shops:
D:3 *


Innate Abilities, Weirdness & Mutations

You have a pair of horns on your head.
You reflexively headbutt those who attack you in melee.


Message History

You kill the river rat!
Trog accepts your kill. The ball python closely misses you.
You furiously retaliate!
You headbutt the ball python.
You kill the ball python!
Trog accepts your kill.
You closely miss the ball python. Your headbutt misses the ball python.
The ball python bites you.
* * * LOW HITPOINT WARNING * * *
The ball python grabs you. The ball python constricts you.
You closely miss the ball python.
The ball python bites you but does no damage.
The ball python constricts you.
You hit the ball python.
The ball python is severely wounded.
The rat bites you but does no damage.
The ball python bites you but does no damage.
The ball python constricts you.
You barely miss the ball python. Your headbutt misses the ball python.
The ball python is severely wounded.
The rat bites you but does no damage.
You barely miss the ball python.
The ball python is severely wounded.
The ball python bites you but does no damage.
The ball python constricts you.
The river rat bites you but does no damage.
You slash the ball python!
You kill the ball python!
Trog accepts your kill. The rat bites you but does no damage.
You closely miss the river rat. The river rat bites you!
* * * LOW HITPOINT WARNING * * *
The rat barely misses you.
Okay, then.
You barely miss the river rat. The river rat bites you.
* * * LOW HITPOINT WARNING * * *
You closely miss the river rat. Your headbutt misses the river rat.
Your skin stops crawling.
You feel less strong-willed. The rat bites you.
You die...

....≈≈≈.........##
.....≈≈........##
.....≈≈.≈.....##
....≈≈≈≈..÷...##
#....≈≈≈≈≈.....#
##.≈≈r≈≈≈≈.....##
#.r≈≈≈≈≈....#..#
...r≈≈≈≈≈.r†###.#
....≈≈≈≈≈≈r@###∩#
....≈≈≈≈≈...÷####
...#≈≈≈≈≈≈.÷÷##
r.##≈≈≈≈≈≈....#
#≈≈≈≈≈≈≈....##
#≈≈≈≈≈≈≈≈....#
#≈≈≈≈≈≈≈.....#
≈≈≈≈≈≈≈.....#
≈≈≈≈≈≈≈≈...##


You could see a river rat and 2 rats.

Vanquished Creatures
  A kobold brigand (Sewer)
  Jessica (D:2)
  4 adders
  4 river rats (Sewer)
  2 worms (D:3)
  4 dart slugs
  4 bats
  2 endoplasms
  A giant cockroach (D:3)
  8 hobgoblins
  3 jackals (D:1)
  2 quokkas (D:2)
  14 ball pythons
  6 frilled lizards
  3 goblins
  7 kobolds
  19 rats
85 creatures vanquished.

Notes
Turn   | Place    | Note
-------+----------+-------------------------------------------
     0 | D:1      | Crownlay the Minotaur Berserker began the quest for the
                  | Orb.
     0 | D:1      | Reached XP level 1. HP: 19/19 MP: 0/0
   126 | D:1      | Reached skill level 4 in Long Blades
   297 | D:1      | Reached XP level 2. HP: 26/26 MP: 1/1
   715 | D:1      | Reached skill level 5 in Long Blades
   784 | D:1      | Reached XP level 3. HP: 27/31 MP: 2/2
  1500 | D:2      | Noticed Jessica
  1505 | D:2      | Killed Jessica
  1506 | D:2      | Reached skill level 6 in Long Blades
  1506 | D:2      | Reached XP level 4. HP: 39/39 MP: 3/3
  1626 | D:2      | Reached ** piety under Trog
  2187 | D:3      | Found Hamomim's Assorted Antiques.
  2198 | D:3      | Bought a scroll labelled PUOCIL JEAL for 20 gold pieces
  2274 | D:3      | Found a glowing drain.
  2285 | Sewer    | Entered a sewer
  2381 | Sewer    | Reached XP level 5. HP: 11/45 MP: 4/4
  2389 | Sewer    | HP: 1/45 [river rat (6)]
  2584 | Sewer    | Reached *** piety under Trog
  2615 | Sewer    | Reached skill level 7 in Long Blades
  2841 | Sewer    | HP: 2/67 [river rat (6)]
  2842 | Sewer    | Slain by a rat

Illustrated notes

Levels and vault maps discovered:
D:1:      lightli_arrival_windingriver, layout_basic, dreamdust_wishing_well
D:2:      layout_basic, minmay_misc_feat_tower, kennysheep_jessica_study
D:3:      layout_basic, nicolae_sif_muna_little_library, serial_shops,
          nicolae_diamond_shop, cheibrodos_sewer_entry_sluice, minmay_vboxes
Sewer:    sewer_minmay_treatment

Skill      XL: |  1  2  3  4  5 |
---------------+----------------+-----
Long Blades    | 4 5 6 7 |  7.2
Armour         | 3 4 |  4.2
Fighting       | |  3.6
Dodging        | |  2.1

Action                   |  1- 3 |  4- 6 || total
-------------------------+-------+-------++-------
Melee: Falchion          |   100 |   142 ||   242
       Headbutt          |    12 |    17 ||    29
       Punch             |     1 |     1 ||     2
 Fire: Hunting sling     |     6 |       ||     6
Invok: Berserk           |     2 |     3 ||     5
       Trog's Hand       |       |     3 ||     3
  Use: Scroll            |       |     9 ||     9
 Stab: Sleeping          |     1 |       ||     1
Armor: Animal skin       |    17 |       ||    17
       Ring mail         |     8 |    46 ||    54
Dodge: Dodged            |    63 |    90 ||   153

Table legend: (Time is in decaauts)
 A = Elapsed time spent in this place.
 B = Non-inter-level travel time spent in this place.
 C = Inter-level travel time spent in this place.
 D = Time resting spent in this place.
 E = Time spent auto-exploring this place.
 F = Levels seen in this place.
 G = Mean time per level.
                   A        B        C        D        E       F      G
               +--------+--------+--------+--------+--------+-----+--------+
         Total |   2887 |   2841 |     46 |      0 |   2119 |   4 |  721.8 |
       Dungeon |   2315 |   2269 |     46 |      0 |   1702 |   3 |  771.7 |
         Sewer |    571 |    571 |      0 |      0 |    416 |   1 |  571.0 |
               +--------+--------+--------+--------+--------+-----+--------+

Top non-repeatable levels by time:
     D:2: 1099 daAuts
     D:1: 947 daAuts
   Sewer: 571 daAuts
     D:3: 268 daAuts
